Map: King Sejong Station LE

Players

Miszu

  • Race: Protoss Protoss
  • League: Master

printf - Winner!

  • Race: Protoss Protoss
  • League: Master

VOD

Have the link to the VOD?

Description

Time

  • Played on: June 25, 2016, 2:03 p.m.
  • Length: 2:08
Show
View Real Time Build Order
Export as new Build Order

Miszu Protoss 

Build Orders:  

Get SALT Encoding   

  12  0:01  Probe (Chrono Boost)  
  13  0:14  Probe (Chrono Boost)  
  13  0:17  Pylon  
  14  0:25  Probe (Chrono Boost)  
  16  0:35  Probe (Chrono Boost)  
  16  0:39  Gateway  
  16  0:46  Probe (Chrono Boost)  
  16  0:48  Assimilator  
  17  0:57  Probe (Chrono Boost)  
  18  1:02  Gateway  
  18  1:07  Probe (Chrono Boost)  
  19  1:26  Cybernetics Core  
  19  1:27  Zealot (Chrono Boost)  
Show
View Real Time Build Order
Export as new Build Order

printf Protoss - Winner!

Build Orders:  

Get SALT Encoding   

  12  0:01  Probe (Chrono Boost)  
  13  0:11  Probe (Chrono Boost)  
  14  0:17  Pylon  
  14  0:22  Probe (Chrono Boost)  
  16  0:35  Probe (Chrono Boost)  
  16  0:38  Forge  
  16  1:09  Pylon x2  
  16  1:11  Pylon  
  16  1:12  Pylon  
  16  1:28  Photon Cannon  
  16  1:38  Gateway  
  16  1:40  Pylon  
  16  1:57  Photon Cannon  
  16  1:58  Pylon  
  16  2:06  Photon Cannon  
Tags
 
Add a new tag
Caveats
  • Supply blocks, unpowered buildings, or Contaminate may cause inaccurate times.
  • Supply counts are checked every 10 seconds.